 Dungeon Crawl Stone Soup version 0.17.0-23-g0de4337 (webtiles) character file.

189 MDvedh the Conjurer (level 5, 0/28 HPs)
             Began as a Tengu Conjurer on Nov 14, 2015.
             Was a Follower of Vehumet.
             Killed by divine providence
             ... invoked by an orc priest
              (14 damage)
             ... on level 4 of the Dungeon.
             The game lasted 00:07:15 (3399 turns).

MDvedh the Conjurer (Tengu Conjurer)                Turns: 3399, Time: 00:07:16

Health: 0/28       AC:  2    Str:  8    XL:     5   Next: 68%
Magic:  4/11       EV: 12    Int: 16    God:    Vehumet [*.....]
Gold:   139        SH:  0    Dex: 15    Spells: 4 memorised, 3 levels left

rFire  . . .     SeeInvis .     r - +3 spear (pierce)
rCold  . . .     Clarity  .     a - +0 robe
rNeg   . . .     SustAt   .     (no shield)
rPois  .         Gourm    .     (helmet restricted)
rElec  .         Spirit   .     (no cloak)
rCorr  .         Warding  .     (no gloves)
rMut   .         Stasis   .     (boots unavailable)
MR     .....                    (no amulet)
Stlth  ++........               (no ring)
                                (no ring)

@: not resistant to hostile enchantments, unstealthy
A: beak, talons 3, able to fly 1
a: Fly, Renounce Religion


You were on level 4 of the Dungeon.
You worshipped Vehumet.
Vehumet was aware of your devotion.
You were not hungry.

You visited 1 branch of the dungeon, and saw 4 of its levels.

You collected 139 gold pieces.

Inventory:

Hand Weapons
 r - a +3 spear of piercing (weapon)
Armour
 a - a +0 robe (worn)
Scrolls
 g - 3 scrolls of remove curse
 i - a scroll of recharging
 n - a scroll of immolation
Potions
 e - a potion of flight
 j - a potion of agility
 l - a potion of ambrosia {unknown}
 o - a potion of haste {unknown}
 s - a potion of degeneration {unknown}
Books
 b - a book of Conjurations

   Spells                             Type                      Level
   a - Magic Dart                     Conjuration                  1
   b - Searing Ray                    Conjuration                  2
   c - Dazzling Spray                 Conjuration/Hexes            3
   d - Fulminant Prism                Conjuration/Hexes            4
   e - Iskenderun's Mystic Blast      Conjuration                  4
   f - Iskenderun's Battlesphere      Conjuration/Charms           5
Comestibles
 c - 2 bread rations
 d - a chunk of flesh
 f - 2 meat rations
 p - 2 slices of pizza


   Skills:
 - Level 2.1 Dodging
 - Level 2.0 Stealth
 + Level 3.7 Spellcasting
 + Level 7.5 Conjurations


You had 3 spell levels left.
You knew the following spells:

 Your Spells              Type           Power        Failure   Level  Hunger
a - Magic Dart            Conj           ####         1%          1    None
b - Searing Ray           Conj           ####..       1%          2    ##.....
c - Shock                 Conj/Air       ###.         4%          1    None
f - Iskenderun's Mystic   Conj           ####....     12%         4    ####...


Dungeon Overview and Level Annotations

Branches:
Dungeon (4/15)             Temple (0/1) D:4

Altars:
Cheibriados
Dithmenos
Elyvilon
Fedhas
Kikubaaqudgha
Okawaru
Qazlal
Vehumet


Innate Abilities, Weirdness & Mutations

You have a beak for a mouth.
You have claws for feet.
You can fly.


Message History

The phantom hits you!
Casting: Iskenderun's Mystic Blast
Confirm with . or Enter, or press ? or * to list all spells.
Aiming: Iskenderun's Mystic Blast
Press: ? - help, Shift-Dir - straight line, f/p - phantom
Aim: a phantom (moderately damaged)
The orb of energy hits the phantom.
The phantom is heavily damaged.
The orb of energy explodes!
The phantom misses you.
Casting: Iskenderun's Mystic Blast
Confirm with . or Enter, or press ? or * to list all spells.
You don't have enough magic to cast that spell.
An orc priest comes into view. It is wielding a short sword.
An orc comes into view. It is wielding a dagger.
An orc wizard comes into view. It is wielding a dagger.
The orc priest miscasts a cantrip.
The orc priest invokes the aid of Beogh against you.
Something smites you!
Ouch! That really hurt!
You die...

.####..##..####..*#......,,,,,,,,
** ##.ยง....##..##...^....,,,,,,,
* #....##...##..........,,,,,, *
*#<....##..#...........,,,***
****#..#...##..............,,,*,*
,,....###..................,,,*+*
,.###.,*##....................#,+
,** #.,**#....................#**
,* *##.....#....@......##.....#,+
,***,,##..##..........##*#....#**
,,,,,**##.,#......W..## ##....#,+
***,** ##..........## ##..oo.#**
* *,,****#...........###....#,,,,
* **,,,,,............oo.....#*,,,
****,,,,,.............#####.#*,,,
*,*,*,*,*#............# **..#*,,
,,,,,,,,,,......(....## *,..<.*,


You could see a phantom, an orc priest and an orc.

Vanquished Creatures
  Robin (D:3)
  6 adders
  4 gnolls (D:3)
  An ooze (D:1)
  2 worms (D:3)
  A ball python (D:2)
  4 giant cockroaches
  21 goblins
  7 hobgoblins
  6 jackals
  A quokka (D:3)
  6 bats
  5 giant newts
  9 kobolds
  7 rats
81 creatures vanquished.

Notes
Turn   | Place    | Note
--------------------------------------------------------------
     0 | D:1      | MDvedh the Tengu Conjurer began the quest for the Orb.
     0 | D:1      | Reached XP level 1. HP: 10/10 MP: 4/4
   100 | D:1      | Reached XP level 2. HP: 15/15 MP: 6/6
   689 | D:1      | Reached XP level 3. HP: 10/19 MP: 7/7
   832 | D:1      | Learned a level 2 spell: Searing Ray
   909 | D:2      | Reached skill level 6 in Conjurations
  1122 | D:2      | Found an iron altar of Okawaru.
  1122 | D:2      | Found a shadowy altar of Dithmenos.
  1122 | D:2      | Found a radiant altar of Vehumet.
  1122 | D:2      | Found a white marble altar of Elyvilon.
  1295 | D:2      | Found a stormy altar of Qazlal.
  1295 | D:2      | Found a snail-covered altar of Cheibriados.
  1317 | D:2      | Became a worshipper of Vehumet
  1961 | D:3      | Reached XP level 4. HP: 17/24 MP: 6/9
  2019 | D:3      | Learned a level 4 spell: Iskenderun's Mystic Blast
  2106 | D:3      | Found an ancient bone altar of Kikubaaqudgha.
  2106 | D:3      | Found a blossoming altar of Fedhas.
  2406 | D:3      | Reached skill level 7 in Conjurations
  2406 | D:3      | Gained mutation: You can fly. [Tengu growth]
  2406 | D:3      | Reached XP level 5. HP: 28/28 MP: 5/11
  2775 | D:3      | Reached * piety under Vehumet
  2775 | D:3      | Offered knowledge of Shock by Vehumet.
  2779 | D:3      | Learned a level 1 spell: Shock
  2829 | D:3      | Noticed Robin
  2848 | D:3      | Killed Robin
  3384 | D:4      | Noticed a phantom
  3399 | D:4      | Killed from afar by an orc priest

Action                   |  1- 3 |  4- 6 || total
-------------------------+-------+-------++-------
Melee: Spear             |    94 |    66 ||   160
 Cast: Magic Dart        |    18 |     5 ||    23
       Searing Ray       |     2 |    10 ||    12
       Iskenderun's Myst |       |     2 ||     2
  Use: Scroll            |       |     9 ||     9
 Stab: Sleeping          |    15 |     2 ||    17
  Eat: Chunk             |     4 |     5 ||     9
